 Dungeon Crawl Stone Soup version 0.23.0-2-g0fe3ce5905 (webtiles) character file.

Game seed: 2443400945269774471

12646 Laan the Cleaver (level 12, -5/97 HPs)
             Began as a Formicid Fighter on Feb 20, 2019.
             Was a High Priest of Okawaru.
             Slain by a harpy (8 damage)
             ... summoned by Kirke
             ... on level 12 of the Dungeon.
             The game lasted 00:23:57 (11594 turns).

Laan the Cleaver (Formicid Fighter)                Turns: 11594, Time: 00:23:58

Health: -5/97      AC: 19    Str: 30    XL:     12   Next: 22%
Magic:  12/12      EV: 13    Int:  7    God:    Okawaru [*****.]
Gold:   476        SH: 13    Dex: 15    Spells: 11/11 levels left

rFire    . . .     SeeInvis +   D - +1 battleaxe
rCold    + . .     Gourm    .   c - +0 shield
rNeg     . . .     Faith    .   A - +0 plate armour
rPois    .         Spirit   .   (helmet unavailable)
rElec    .         Reflect  .   b - +0 cloak
rCorr    .         Harm     .   d - +1 pair of gloves {Str+3}
MR       +....                  J - +0 pair of boots
Stlth    ..........             (no amulet)
HPRegen  0.26/turn              (no ring)
MPRegen  0.13/turn              E - ring of protection from cold

@: agile
A: permanent stasis, dig shafts and tunnels, four strong arms, antennae 3
a: Dig, Shaft Self, Heroism, Finesse, Renounce Religion


You were on level 12 of the Dungeon.
You worshipped Okawaru.
Okawaru was extremely pleased with you.
You were not hungry.

You visited 2 branches of the dungeon, and saw 12 of its levels.
You also visited: Bailey.

You collected 476 gold pieces.

Inventory:

Hand Weapons
 t - a +0 morningstar
 D - a +1 battleaxe (weapon)
Armour
 b - a +0 cloak (worn)
 c - a +0 shield (worn)
 d - a +1 pair of gloves of strength (worn)
 x - a +2 pair of gloves
 A - a +0 plate armour (worn)
 J - a +0 pair of boots (worn)
Jewellery
 m - an uncursed ring of flight
 E - a ring of protection from cold (right hand)
Wands
 a - a wand of acid (5)
 j - a wand of enslavement (6)
 k - a wand of flame (38)
 r - a wand of polymorph (8)
 u - a wand of digging (4)
 H - a wand of paralysis (4)
Scrolls
 e - 6 scrolls of identify
 g - 2 scrolls of magic mapping {unknown}
 h - a scroll of enchant armour {unknown}
 i - 2 scrolls of remove curse
 n - 2 scrolls of blinking {unknown}
 p - 2 scrolls of enchant weapon
 v - 2 scrolls of fear {unknown}
 y - a scroll of noise {unknown}
 C - 2 scrolls of acquirement {unknown}
 G - 3 scrolls of amnesia
Potions
 l - 2 potions of agility
 o - 2 potions of berserk rage {unknown}
 q - 5 potions of curing
 s - 5 potions of mutation {unknown}
 w - 5 potions of magic {unknown}
 z - 3 potions of degeneration {unknown}
 B - a potion of cancellation {unknown}
 I - a potion of experience {unknown}
Comestibles
 f - 11 rations
 K - 6 chunks of flesh


   Skills:
 + Level 10.0 Fighting
 * Level 12.2 Axes
 + Level 10.0 Armour
 - Level 9.8 Shields


You had 11 spell levels left.
You didn't know any spells.
Your spell library contained the following spells:

 Spells                   Type           Power        Failure   Level  Hunger
 Corona                   Hex            #......      97%         1    ##.....
 Freeze                   Ice            #...         97%         1    ##.....
 Ensorcelled Hibernation  Hex/Ice        #.....       99%         2    ###....
 Throw Frost              Conj/Ice       #.....       99%         2    ###....
 Spectral Weapon          Hex/Chrm       #.......     100%        3    ####...
 Fulminant Prism          Conj/Hex       #.........   100%        4    #####..
 Deflect Missiles         Chrm/Air       #.........   100%        6    #######
 Freezing Cloud           Conj/Ice/Air   #.........   100%        6    #######
 Simulacrum               Ice/Necr       #.........   100%        6    #######
 Tornado                  Air            #.........   100%        9    #######


Dungeon Overview and Level Annotations

Branches:
Dungeon (10/15)            Temple (1/1) D:5
   Lair: D:8-11         Orc: D:9-12

Altars:
Ashenzari
Cheibriados
Dithmenos
Fedhas
Gozag
Kikubaaqudgha
Okawaru
Qazlal
Sif Muna
Wu Jian
Xom
Yredelemnul
Zin
The Shining One

Shops:
D:4 %

Portals:
Ice
Cave: D:12

Annotations:
D:4 1 runed translucent door
D:12 Kirke, Urug


Innate Abilities, Weirdness & Mutations

You cannot be hasted, slowed, berserked, paralysed or teleported.
You can dig through walls and to a lower floor.
Your four strong arms can wield two-handed weapons with a shield.
You have a pair of large antennae on your head. (SInv)


Message History

Kirke casts a spell at you.
You struggle to resist.
The harpy misses you. The harpy closely misses you.
Your plate armour prevents you from hitting Urug.
Urug is severely wounded.
You slash the harpy! You slash the hog!
You kill the hog!
Okawaru accepts your kill.
You hit Kirke. You closely miss the hog. You barely miss the orc warrior.
You hit the orc. The hog misses you. You block the harpy's attack. x2
The orc closely misses you. The harpy claws you.
* * * LOW HITPOINT WARNING * * *
You block the harpy's attack.
Urug hits you with a +4 halberd of flaming.
* * * LOW HITPOINT WARNING * * *
Urug burns you.
* * * LOW HITPOINT WARNING * * *
The orc warrior closely misses you. Kirke hits you but does no damage.
The hog bites you but does no damage. The harpy claws you but does no damage.
The harpy claws you!
You die...

##............###..#
#....(.....#......##
##....((.#####..?##
##.......## #..##
##.......## ##...#
#(...(...# ##....###
#..##.h..## ##.####..# ..
##h@H## ##.## ###..
#oo@H# ###.## ##....
#.Ooo####...# ##..#..
......o###.....###..#.#.
......###..^....##.#.∩.#
......##.....####....#.#.
..#### #.....# ####..#..
.# ##.....# ##...#
#..###.# ##### ##.## ###


You could see Kirke, Urug, 2 harpies, 2 hogs, an orc warrior, an ogre, an orc
priest and 2 orcs.

Vanquished Creatures
  2 two-headed ogres
  An orc knight (Bailey)
  Pikel (D:7)
  A deep elf mage (D:8)
  Joseph (D:7)
  2 centaur zombies (D:10)
  A gargoyle (D:9)
  A centaur skeleton (D:12)
  A hornet (D:8)
  A hippogriff (D:9)
  Grinder (D:4)
  8 yaks
  A wyvern (D:8)
  2 hogs (D:12)
  2 steam dragons (D:7)
  Edmund (D:6)
  2 hungry ghosts (D:8)
  3 water moccasins
  2 porcupines (D:10)
  4 orc warriors
  4 sky beasts
  A slave (D:7)
  3 black bears
  2 phantoms
  2 ice beasts
  3 ogres
  3 centaurs
  2 big kobolds
  7 bullfrogs
  A water moccasin zombie (D:5)
  A wyvern skeleton (D:12)
  2 scorpions
  5 killer bees (D:9)
  4 howler monkeys
  2 bullfrog zombies
  9 crimson imps
  A jelly (D:8)
  Crazy Yiuf (D:3)
  A gnoll shaman (D:8)
  An orc priest (D:7)
  A quasit (D:6)
  7 hounds
  7 orc wizards
  Natasha (thrice) (D:2)
  Terence (D:3)
  3 iguanas
  10 worker ants
  A killer bee zombie (D:9)
  A hound zombie (D:5)
  2 worker ant zombies
  2 howler monkey zombies
  11 adders
  19 gnolls
  2 oozes
  An adder skeleton (D:8)
  4 worms
  3 dart slugs
  5 leopard geckos
  33 orcs
  7 giant cockroaches
  18 goblins
  20 hobgoblins
  4 jackals
  34 kobolds
  3 quokkas
  7 bats
  3 frilled lizards
  A jackal skeleton (D:4)
  A jackal zombie (D:8)
  A quokka skeleton (D:5)
  4 rats
  A bush (D:1)
313 creatures vanquished.

Vanquished Creatures (others)
  An unseen horror (D:12)
  A slave (D:7)
  A worker ant zombie (D:7)
3 creatures vanquished.

Grand Total: 316 creatures vanquished

Notes
Turn   | Place    | Note
-------+----------+-------------------------------------------
     0 | D:1      | Laan the Formicid Fighter began the quest for the Orb.
     0 | D:1      | Reached XP level 1. HP: 18/18 MP: 1/1
   178 | D:1      | Reached XP level 2. HP: 24/24 MP: 2/2
   467 | D:1      | Reached XP level 3. HP: 24/29 MP: 3/3
  1289 | D:2      | Reached skill level 3 in Axes
  1289 | D:2      | Reached XP level 4. HP: 26/37 MP: 4/4
  1606 | D:2      | Found a deep blue altar of Sif Muna.
  1606 | D:2      | Found a shimmering altar of Xom.
  1719 | D:2      | Noticed Natasha
  1724 | D:2      | Killed Natasha
  1724 | D:2      | Reached XP level 5. HP: 31/42 MP: 5/5
  1827 | D:2      | Noticed Natasha
  1833 | D:2      | Killed Natasha
  2079 | D:2      | Noticed Natasha
  2089 | D:2      | Killed Natasha
  2667 | D:3      | Reached skill level 4 in Axes
  2667 | D:3      | Reached XP level 6. HP: 37/48 MP: 6/6
  3557 | D:3      | Noticed Terence
  3578 | D:3      | Killed Terence
  3765 | D:3      | Found a runed translucent door.
  3766 | D:3      | Noticed Crazy Yiuf
  3774 | D:3      | Killed Crazy Yiuf
  3912 | D:4      | Found a runed translucent door.
  3912 | D:4      | Noticed a human
  3933 | D:4      | Found a basalt altar of Yredelemnul.
  3939 | D:4      | Noticed an ogre
  4267 | D:4      | Reached skill level 5 in Shields
  4407 | D:4      | Reached XP level 7. HP: 20/55 MP: 7/7
  4731 | D:4      | Found Fegips's Food Boutique.
  4778 | D:4      | Reached skill level 5 in Axes
  4871 | D:4      | Noticed Grinder
  4890 | D:4      | Killed Grinder
  4890 | D:4      | Reached skill level 5 in Fighting
  4890 | D:4      | Reached skill level 5 in Armour
  4890 | D:4      | Reached XP level 8. HP: 55/62 MP: 8/8
  4914 | D:5      | Entered Level 5 of the Dungeon
  5036 | D:5      | Found an ancient bone altar of Kikubaaqudgha.
  5094 | D:5      | Reached skill level 6 in Axes
  5168 | D:5      | Found a staircase to the Ecumenical Temple.
  5174 | Temple   | Entered the Ecumenical Temple
  5204 | Temple   | Became a worshipper of Warmaster Okawaru
  5951 | D:6      | Reached skill level 7 in Axes
  5951 | D:6      | Reached XP level 9. HP: 39/69 MP: 9/9
  5971 | D:6      | Reached * piety under Okawaru
  6344 | D:6      | Noticed Edmund
  6355 | D:6      | Killed Edmund
  6856 | D:6      | Reached skill level 8 in Axes
  7304 | D:7      | Reached ** piety under Okawaru
  7388 | D:7      | Reached XP level 10. HP: 79/79 MP: 10/10
  7730 | D:7      | Noticed Pikel
  7793 | D:7      | Reached skill level 9 in Axes
  7800 | D:7      | Killed Pikel
  7808 | D:7      | Reached *** piety under Okawaru
  7808 | D:7      | Noticed Joseph
  7825 | D:7      | Killed Joseph
  8242 | D:8      | Found a flagged portal.
  8265 | Bailey   | Entered a bailey
  8779 | Bailey   | Noticed an orc knight
  8794 | Bailey   | Killed an orc knight
  8798 | Bailey   | Reached **** piety under Okawaru
  9104 | D:8      | Noticed a two-headed ogre
  9110 | D:8      | Killed a two-headed ogre
  9110 | D:8      | Reached skill level 10 in Axes
  9110 | D:8      | Reached XP level 11. HP: 47/87 MP: 11/11
  9481 | D:8      | Reached ***** piety under Okawaru
  9677 | D:8      | Noticed a deep elf mage
  9706 | D:8      | Killed a deep elf mage
  9936 | D:8      | Found a glowing silver altar of Zin.
  9942 | D:8      | Found a blossoming altar of Fedhas.
 10010 | D:8      | Found a stormy altar of Qazlal.
 10125 | D:8      | Identified the Catalogue of Obsession
 10125 | D:8      | Identified the Compendium of the Guild-Master
 10319 | D:9      | Noticed a two-headed ogre
 10323 | D:9      | Killed a two-headed ogre
 10323 | D:9      | Reached skill level 11 in Axes
 10326 | D:9      | Found a snail-covered altar of Cheibriados.
 10872 | D:9      | Found Gitur's Armour Emporium.
 11285 | D:10     | Entered Level 10 of the Dungeon
 11296 | D:10     | Received a gift from Okawaru
 11340 | D:10     | Reached XP level 12. HP: 79/97 MP: 12/12
 11358 | D:10     | You fall through a shaft for 2 floors!
 11358 | D:12     | Found a frozen archway.
 11421 | D:12     | Reached skill level 12 in Axes
 11563 | D:12     | Noticed an unseen horror
 11567 | D:12     | Noticed Urug
 11570 | D:12     | Noticed Kirke
 11573 | D:12     | Killed an unseen horror
 11573 | D:12     | Reached skill level 10 in Fighting
 11573 | D:12     | Reached skill level 10 in Armour
 11594 | D:12     | HP: 4/97 [Urug/+4 halberd of flaming (4)]
 11594 | D:12     | Slain by a harpy

Skill      XL: |  1  2  3  4  5  6  7  8  9 10 11 12 |
---------------+-------------------------------------+-----
Shields        | 4 5 6 7 9 |  9.8
Axes           | 3 4 5 7 8 10 11 12 | 12.2
Armour         | 4 5 6 7 8 9 10 | 10.0
Fighting       | 4 5 6 7 8 9 10 | 10.0

Action                   |  1- 3 |  4- 6 |  7- 9 | 10-12 || total
-------------------------+-------+-------+-------+-------++-------
Melee: War axe           |   151 |   202 |   268 |       ||   621
       Battleaxe         |       |       |    36 |   541 ||   577
Evoke: Wand              |       |       |       |     3 ||     3
  Use: Scroll            |       |       |     2 |     5 ||     7
       Potion            |       |       |     1 |    12 ||    13
 Stab: Paralysed         |       |       |       |     6 ||     6
  Eat: Chunk             |     2 |    10 |    10 |    17 ||    39
Armor: Scale mail        |    64 |    61 |       |       ||   125
       Chain mail        |       |    19 |   102 |       ||   121
       Plate armour      |       |       |    46 |   338 ||   384
Dodge: Dodged            |    58 |    64 |    90 |   202 ||   414
Block: Shield            |    61 |   116 |   225 |   423 ||   825
